AoeStats
← Pielover757

Arena

510072605Analyzed
2v2 RM · 3d ago on Sep 29, 2026· 48m 14s· 4 players
Game mode
Random Map
Map size
Medium (4 player)
Population
200
Speed
Normal
Resources
Standard
Victory
Conquest
Starting age
Dark Age
Ending age
Imperial Age
RankedLock teamsTeams togetherTeam positionsShared explorationLock speedFull tech treeHidden civsTurbo modeCheats
Victory
Defeat
🇹🇷 Bengalis · Türkiye
1622
+16
🇿🇦 Italians · South Africa
1604
+17
🇹🇼 Byzantines · Taiwan
1691
-19
🇹🇼 Bohemians · Taiwan
1557
-14
Pielover757
9:51 Feudal Age
13:53 Castle Age
12:05 Double-Bit Axe
13:14 Horse Collar
15:08 Bow Saw
20:43 Wheelbarrow
21:29 Stone Mining
21:29 Gold Mining
22:42 Hand Cart
22:13 Town Watch
22:48 Heavy Plow
24:38 Loom
27:35 Imperial Age
25:29 Ballistics
25:49 Stone Shaft Mining
25:31 Fletching
26:08 Bodkin Arrow
26:13 Padded Archer Armor
26:29 Masonry
26:49 Scale Mail Armor
26:59 Forging
29:16 Chemistry
28:37 Bracer
28:57 Squires
29:35 Iron Casting
30:58 Conscription
33:55 Leather Archer Armor
33:02 Elite Genoese Crossbowman
36:03 Thumb Ring
37:31 Ring Archer Armor
37:35 Architecture
38:28 Chain Mail Armor
39:13 Blast Furnace
38:04 Arson
41:03 Hoardings
41:12 Hoardings
45:11 Plate Mail Armor
zizu
9:39 Feudal Age
11:24 Double-Bit Axe
13:43 Castle Age
11:57 Horse Collar
15:04 Gold Mining
15:56 Bow Saw
17:10 Sanctity
18:02 Atonement
19:38 Devotion
20:51 Bow Saw
21:22 Fervor
22:31 Wheelbarrow
21:57 Heavy Plow
22:47 Redemption
28:04 Imperial Age
27:56 Gold Shaft Mining
29:05 Block Printing
29:17 Illumination
29:33 Theocracy
30:13 Two-Man Saw
29:42 Fletching
32:01 Bodkin Arrow
33:32 Bracer
34:07 Conscription
35:29 Loom
36:41 Crop Rotation
37:15 Padded Archer Armor
37:39 Hand Cart
37:17 Stone Mining
39:49 Leather Archer Armor
40:36 Chemistry
39:17 Elite Elephant Archer
40:16 Husbandry
40:27 Bloodlines
41:24 Ring Archer Armor
41:36 Paiks
42:31 Ballistics
44:10 Mahayana
46:24 Elite Battle Elephant
47:10 Scale Barding Armor
47:16 Forging
48:27 Chain Barding Armor
BøM_antihack.exe
11:06 Feudal Age
11:54 Double-Bit Axe
14:59 Castle Age
12:42 Horse Collar
16:14 Bow Saw
17:19 Loom
21:10 Wheelbarrow
24:02 Heavy Plow
24:40 Hand Cart
25:23 Devotion
28:20 Imperial Age
26:01 Light Cavalry
27:04 Husbandry
28:43 Scale Barding Armor
29:18 Block Printing
29:51 Chain Barding Armor
30:03 Conscription
30:06 Forging
32:19 Plate Barding Armor
32:46 Iron Casting
33:08 Faith
33:44 Hussar
33:49 Elite Skirmisher
34:20 Fletching
35:38 Bodkin Arrow
36:06 Ballistics
37:03 Hand Cart
37:59 Bracer
38:17 Padded Archer Armor
39:39 Logistica
40:11 Leather Archer Armor
41:41 Ring Archer Armor
41:13 Elite Cataphract
43:12 Chemistry
43:31 Fortified Wall
BøM_R3gaN
8:03 Loom
10:47 Feudal Age
12:19 Double-Bit Axe
15:03 Castle Age
12:46 Horse Collar
15:01 Fletching
17:07 Atonement
19:33 Town Watch
20:14 Fervor
22:38 Wheelbarrow
23:05 Bodkin Arrow
24:36 Devotion
31:05 Imperial Age
32:26 Chemistry
37:53 Bow Saw
40:04 Heavy Plow
41:17 Hand Cart
40:28 Pikeman
41:08 Squires
40:54 Arson
41:10 Bracer
41:40 Elite Skirmisher
42:58 Padded Archer Armor
44:22 Leather Archer Armor
44:34 Ballistics
46:39 Ring Archer Armor
46:21 Masonry
Connection lost

Rejoining the realm…

Still unreachable

The connection could not be restored.

Session expired

The server has moved on; the page needs a fresh start.